Rangers vs Devils

Created - February 14, 2015 at 10:50

Goals
1 2 3 T
Rangers 2 1 1 4
Devils 1 3 2 6
Shots
1 2 3 T
Rangers 16 8 6 30
Devils 2 23 16 41

1st period

1. Devils , Tyler Johnson 16 (Marc-Edouard Vlasic) at 13:29 (PP)
2. Rangers , Jaromir Jagr 22 (Karl Alzner, Mikael Backlund) at 17:05 (PP)
3. Rangers , Tomas Tatar 8 (David Legwand, Anton Volchenkov) at 17:36

Penalties :
Scott Hartnell (NJD) for Hooking (Minor) at 3:45, Anton Volchenkov (NYR) for Roughing (Minor) at 13:19, Marc-Edouard Vlasic (NJD) for Goalie Interference (Minor) at 15:31

2nd period

4. Devils , Tyler Johnson 17 (Justin Schultz) at 1:59 (SH)
5. Devils , Marc-Edouard Vlasic 11 (Trevor Daley, Johan Franzen) at 3:09 (PP)
6. Rangers , Joffrey Lupul 15 (Karl Alzner, Kris Russell) at 8:09 (SH)
7. Devils , Vincent Trocheck 9 (Matt Donovan) at 14:22

Penalties :
Marc-Edouard Vlasic (NJD) for Cross-checking (Minor) at 0:05, Anton Volchenkov (NYR) for Holding (Minor) at 2:18, Alex Goligoski (NYR) for Hooking (Minor) at 3:42, Derek Morris (NYR) for Hooking (Minor) at 6:37

3rd period

8. Rangers , Tyler Ennis 12 (Alex Goligoski) at 9:51
9. Devils , Justin Schultz 5 (Johan Franzen, Michal Neuvirth) at 15:17 (PP)
10. Devils , Darren Helm 18 (Matt Donovan, Johan Franzen) at 19:51 (PP)

Penalties :
Scott Hartnell (NJD) for Holding (Minor) at 2:09, Steve Ott (NJD) for Slashing (Minor) at 12:48, Joffrey Lupul (NYR) for Interference (Minor) at 14:32, Sean Couturier (NYR) for Tripping (Minor) at 19:31

Goalie Stats

Brian Elliott (NYR), 35 saves from 41 shots - (0.854), L, 18-12-5, 59:52 minutes
Michal Neuvirth (NJD), 26 saves from 30 shots - (0.867), W, 3-9-2, 60:00 minutes

Players Stats for Rangers

Player Name              G  A  P  +/- PIM S  H  SB GA TA FO     MP     PP MP  PK MP  
------------------------------------------------------------------------------------
Alex Goligoski           0  1  1   1  2   1  0  0  0  0  0/0    25:27   4:55   0:00 
Andrew Ference           0  0  0   0  0   0  0  0  0  0  0/0     0:00   0:00   0:00 
Anton Volchenkov         0  1  1   0  4   0  5  0  0  0  0/0    17:02   0:00   3:10 
Benoit Pouliot           0  0  0   0  0   0  0  0  0  0  0/0     2:52   0:00   0:00 
Bryan Allen              0  0  0   0  0   0  2  0  0  0  0/0    10:29   0:00   0:00 
Chris Tanev              0  0  0   0  0   0  0  1  0  0  0/0    17:59   0:00   4:05 
Craig Smith              0  0  0  -1  0   1  1  0  0  0  0/1    17:18   4:36   0:00 
David Legwand            0  1  1   1  0   4  0  0  0  0  5/16   13:24   0:00   0:04 
Derek Morris             0  0  0   0  2   0  0  0  0  0  0/0     8:18   4:55   0:00 
Jaromir Jagr             1  0  1   0  0   5  0  0  0  0  4/6    23:23   4:29   0:00 
Joffrey Lupul            1  0  1   0  2   3  5  0  0  0  0/2    24:44   4:35   1:15 
Karl Alzner              0  2  2   0  0   1  0  0  0  0  0/0    16:33   4:20   1:44 
Kris Russell             0  1  1   1  0   5  0  1  0  0  0/0    24:08   4:20   2:39 
Mikael Backlund          0  1  1   0  0   4  3  0  0  0  18/28  22:11   4:39   4:50 
Sean Couturier           0  0  0  -1  2   1  2  1  0  0  24/41  25:32   4:46   4:30 
Steve Downie             0  0  0   1  0   1  2  0  0  0  0/1    13:05   0:00   0:00 
Tomas Tatar              1  0  1   1  0   1  1  0  0  0  0/0    13:05   0:00   0:00 
Tyler Ennis              1  0  1   1  0   3  4  1  0  0  0/2    18:20   4:39   0:59 

Players Stats for Devils

Player Name              G  A  P  +/- PIM S  H  SB GA TA FO     MP     PP MP  PK MP  
------------------------------------------------------------------------------------
Ales Hemsky              0  0  0   0  0   5  0  0  0  0  1/2    21:48   3:52   0:00 
Chris Kelly              0  0  0  -1  0   1  2  1  0  0  1/1    12:57   0:00   0:28 
Darren Helm              1  0  1   0  0   4  1  0  0  0  18/34  21:26   3:52   2:43 
Jamie McGinn             0  0  0   0  0   2  0  0  0  0  0/1    15:38   0:00   1:07 
Johan Franzen            0  3  3   0  0   3  0  1  0  0  2/14   22:37   3:52   6:16 
Justin Schultz           1  1  2   1  0   5  0  1  0  0  0/0    19:33   1:50   4:00 
Marc-Edouard Vlasic      1  1  2  -1  4   5  1  4  0  0  0/0    20:43   3:23   2:39 
Matt Donovan             0  2  2   1  0   3  0  0  0  0  0/0    10:31   0:36   0:00 
Michal Rozsival          0  0  0   1  0   0  0  2  0  0  0/0    10:08   0:00   2:36 
Nick Schultz             0  0  0  -2  0   0  2  0  0  0  0/0     6:35   0:00   0:00 
Patrick Wiercioch        0  0  0  -2  0   0  1  0  0  0  0/0     6:35   0:00   0:00 
Scott Hartnell           0  0  0  -1  4   1  1  0  0  0  1/2    21:06   1:47   1:40 
Steve Ott                0  0  0  -1  2   0  3  0  0  0  0/1    16:27   1:57   0:00 
Tommy Wingels            0  0  0   0  0   0  0  0  0  0  1/1     2:50   0:00   0:00 
Trevor Daley             0  1  1  -1  0   4  2  1  0  0  0/0    26:35   3:59   5:30 
Tyler Johnson            2  0  2  -1  0   4  0  0  0  0  17/27  20:42   1:57   6:16 
Vincent Trocheck         1  0  1   0  0   4  0  0  0  0  5/14   14:56   0:10   0:00 
Willie Mitchell          0  0  0   1  0   0  2  0  0  0  0/0    19:18   1:50   3:45 

3 Stars

1 - Tyler Ennis (NYR)
2 - Justin Schultz (NJD)
3 - Tyler Johnson (NJD)

Power Play

Rangers - 1 on 5 Attempt(s) - 20.00%
Devils - 4 on 6 Attempt(s) - 66.67%

Penalty Kill

Rangers - 2 on 6 Attempt(s) - 33.33% - Score 1 goal in Penalty Kill
Devils - 4 on 5 Attempt(s) - 80.00% - Score 1 goal in Penalty Kill

Team Stat

Rangers - Hits : 25 - Faceoff Wins : 51 - Blocked Shots : 4 - Penalty Minutes : 12
Devils - Hits : 15 - Faceoff Wins : 46 - Blocked Shots : 10 - Penalty Minutes : 10

Official

Referees : Trevor Hanson and Ghislain Hebert
Linesman : Mike Cvik and Jean Morin

Game Notes

Marc-Edouard Vlasic is injured at 7:02 of 3rd period (Sprained Right Finger)

Finance

Level 1 -- Attendance: 5759 (95.98%) -- Ticket Income $616,213
Level 2 -- Attendance: 4664 (93.28%) -- Ticket Income $345,136
Level 3 -- Attendance: 2000 (100.00%) -- Ticket Income $140,000
Level 4 -- Attendance: 3022 (83.37%) -- Ticket Income $51,374
Luxury Box -- Attendance: 1000 (100.00%) -- Ticket Income $175,000
Game was played at the Prudential Center'
Total Attendance: 16445 (93.30%)
Total Ticket Income: $1,327,723
Other Income: $199,158
Total Income: $1,526,881

% Time on Ice - Rangers

Lines # - Real PCT - Wanted PCT - Time Play
Normal Forward
1 - 36% - 40% - 16:02
2 - 28% - 30% - 12:42
3 - 29% - 20% - 13:05
4 - 6% - 10% - 2:52
Normal Defense
1 - 38% - 40% - 16:54
2 - 31% - 30% - 13:54
3 - 23% - 20% - 10:29
4 - 8% - 10% - 3:24
PP Forward
1 - 50% - 60% - 4:39
2 - 50% - 40% - 4:36
PP Defense
1 - 53% - 60% - 4:55
2 - 47% - 40% - 4:20
PK Forward
1 - 83% - 60% - 4:50
2 - 17% - 40% - 0:59
PK Defense
1 - 70% - 60% - 4:05
2 - 30% - 40% - 1:44
PK3 Forward
1 - 0% - 60%
2 - 0% - 40%
PK3 Defense
1 - 0% - 60%
2 - 0% - 40%
44 Forward
1 - 100% - 60% - 0:15
2 - 0% - 40% - 0:00
44 Defense
1 - 100% - 60% - 0:15
2 - 0% - 40% - 0:00
Last Minute Offensive  - 0:00
Last Minute Defensive  - 0:00
Total
Forward - 60:00
Defense - 60:00

% Time on Ice - Devils

Lines # - Real PCT - Wanted PCT - Time Play
Normal Forward
1 - 33% - 40% - 14:51
2 - 28% - 30% - 12:29
3 - 32% - 20% - 14:31
4 - 6% - 10% - 2:50
Normal Defense
1 - 38% - 40% - 16:51
2 - 31% - 30% - 13:43
3 - 17% - 20% - 7:32
4 - 15% - 10% - 6:35
PP Forward
1 - 66% - 60% - 3:52
2 - 34% - 40% - 1:57
PP Defense
1 - 68% - 60% - 3:59
2 - 32% - 40% - 1:50
PK Forward
1 - 71% - 60% - 6:32
2 - 29% - 40% - 2:43
PK Defense
1 - 59% - 60% - 5:30
2 - 41% - 40% - 3:45
PK3 Forward
1 - 0% - 60%
2 - 0% - 40%
PK3 Defense
1 - 0% - 60%
2 - 0% - 40%
44 Forward
1 - 100% - 60% - 0:15
2 - 0% - 40% - 0:00
44 Defense
1 - 100% - 60% - 0:15
2 - 0% - 40% - 0:00
Last Minute Offensive  - 0:00
Last Minute Defensive  - 0:00
Total
Forward - 60:00
Defense - 60:00

Play by Play

1st period


0:01 of 1st period - Sean Couturier wins face-off versus Darren Helm in neutral zone.
0:04 of 1st period - Trevor Daley is hit by Joffrey Lupul and loses puck.
0:29 of 1st period - Shot by Joffrey Lupul.
0:29 of 1st period - Shot Misses the Net.
0:35 of 1st period - Shot by Sean Couturier.
0:35 of 1st period - Shot Misses the Net.
0:37 of 1st period - Shot by Kris Russell.
0:37 of 1st period - Shot Blocked by Marc-Edouard Vlasic.
0:46 of 1st period - Joffrey Lupul is hit by Marc-Edouard Vlasic and loses puck.
1:23 of 1st period - Willie Mitchell is hit by Anton Volchenkov and loses puck.
1:50 of 1st period - Shot by Johan Franzen.
1:50 of 1st period - Deflect By Tyler Johnson.
1:50 of 1st period - Shot Misses the Net.
2:34 of 1st period - Shot by David Legwand.
2:34 of 1st period - Stopped by Michal Neuvirth without a rebound.
2:35 of 1st period - Jaromir Jagr wins face-off versus Vincent Trocheck in Devils zone.
2:35 of 1st period - Alex Goligoski is hit by Nick Schultz and loses puck.
2:53 of 1st period - Alex Goligoski is hit by Patrick Wiercioch and loses puck.
3:45 of 1st period - Minor Penalty to Scott Hartnell for Hooking.
3:46 of 1st period - Mikael Backlund wins face-off versus Johan Franzen in Devils zone.
3:55 of 1st period - Shot by Kris Russell.
3:55 of 1st period - Stopped by Michal Neuvirth without a rebound.
3:56 of 1st period - Mikael Backlund wins face-off versus Johan Franzen in Devils zone.
4:09 of 1st period - Shot by Kris Russell.
4:09 of 1st period - Stopped by Michal Neuvirth without a rebound.
4:10 of 1st period - Sean Couturier wins face-off versus Johan Franzen in Devils zone.
4:21 of 1st period - Shot by Kris Russell.
4:21 of 1st period - Shot Blocked by Johan Franzen.
4:23 of 1st period - Shot by Sean Couturier.
4:23 of 1st period - Shot Misses the Net.
4:25 of 1st period - Shot by Kris Russell.
4:25 of 1st period - Stopped by Michal Neuvirth without a rebound.
4:26 of 1st period - Mikael Backlund wins face-off versus Jamie McGinn in Devils zone.
4:31 of 1st period - Shot by Mikael Backlund.
4:31 of 1st period - Shot Blocked by Marc-Edouard Vlasic.
4:33 of 1st period - Shot by Alex Goligoski.
4:33 of 1st period - Stopped by Michal Neuvirth without a rebound.
4:34 of 1st period - Sean Couturier wins face-off versus Johan Franzen in Devils zone.
4:43 of 1st period - Shot by Alex Goligoski.
4:43 of 1st period - Shot Blocked by Trevor Daley.
5:35 of 1st period - Shot by Kris Russell.
5:35 of 1st period - Stopped by Michal Neuvirth with a rebound.
7:08 of 1st period - Shot by Mikael Backlund.
7:08 of 1st period - Stopped by Michal Neuvirth without a rebound.
7:09 of 1st period - Sean Couturier wins face-off versus Johan Franzen in Devils zone.
7:46 of 1st period - Shot by Jaromir Jagr.
7:46 of 1st period - Shot Blocked by Chris Kelly.
8:01 of 1st period - Icing by Chris Kelly.
8:02 of 1st period - Mikael Backlund wins face-off versus Tyler Johnson in Devils zone.
8:07 of 1st period - Shot by Tyler Ennis.
8:07 of 1st period - Shot Misses the Net.
8:09 of 1st period - Shot by Craig Smith.
8:09 of 1st period - Deflect By Mikael Backlund.
8:09 of 1st period - Stopped by Michal Neuvirth without a rebound.
8:10 of 1st period - Darren Helm wins face-off versus Mikael Backlund in Devils zone.
8:10 of 1st period - Darren Helm is hit by Mikael Backlund.
8:18 of 1st period - Alex Goligoski is hit by Scott Hartnell and loses puck.
8:27 of 1st period - Icing by Darren Helm.
8:28 of 1st period - Darren Helm wins face-off versus David Legwand in Devils zone.
8:28 of 1st period - Darren Helm is hit by Tomas Tatar.
8:48 of 1st period - Shot by David Legwand.
8:48 of 1st period - Stopped by Michal Neuvirth with a rebound.
8:50 of 1st period - Shot by David Legwand.
8:50 of 1st period - Stopped by Michal Neuvirth with a rebound.
8:52 of 1st period - Shot by David Legwand.
8:52 of 1st period - Stopped by Michal Neuvirth with a rebound.
8:54 of 1st period - Shot by Steve Downie.
8:54 of 1st period - Stopped by Michal Neuvirth without a rebound.
8:55 of 1st period - Sean Couturier wins face-off versus Vincent Trocheck in Devils zone.
9:04 of 1st period - Shot by Sean Couturier.
9:04 of 1st period - Shot Misses the Net.
10:00 of 1st period - Shot by Bryan Allen.
10:00 of 1st period - Shot Misses the Net.
10:16 of 1st period - Shot by Tyler Ennis.
10:16 of 1st period - Stopped by Michal Neuvirth without a rebound.
10:17 of 1st period - David Legwand wins face-off versus Darren Helm in Devils zone.
10:59 of 1st period - David Legwand is hit by Willie Mitchell and loses puck.
11:07 of 1st period - Icing by Willie Mitchell.
11:08 of 1st period - Sean Couturier wins face-off versus Darren Helm in Devils zone.
11:43 of 1st period - Shot by Joffrey Lupul.
11:43 of 1st period - Shot Blocked by Justin Schultz.
12:04 of 1st period - Shot by Mikael Backlund.
12:04 of 1st period - Deflect By Tyler Ennis.
12:04 of 1st period - Shot Misses the Net.
12:06 of 1st period - Shot by Mikael Backlund.
12:06 of 1st period - Shot Misses the Net.
12:08 of 1st period - Shot by Mikael Backlund.
12:08 of 1st period - Stopped by Michal Neuvirth with a rebound.
12:21 of 1st period - Mikael Backlund is hit by Willie Mitchell and loses puck.
12:38 of 1st period - Shot by Tyler Ennis.
12:38 of 1st period - Shot Misses the Net.
12:50 of 1st period - Icing by Ales Hemsky.
12:51 of 1st period - David Legwand wins face-off versus Darren Helm in Devils zone.
13:15 of 1st period - Marc-Edouard Vlasic is hit by Anton Volchenkov and loses puck.
13:19 of 1st period - Minor Penalty to Anton Volchenkov for Roughing.
13:20 of 1st period - Tyler Johnson wins face-off versus Sean Couturier in Rangers zone.
13:25 of 1st period - Shot by Marc-Edouard Vlasic.
13:25 of 1st period - Stopped by Brian Elliott without a rebound.
13:26 of 1st period - Tyler Johnson wins face-off versus Sean Couturier in Rangers zone.
13:29 of 1st period - Shot by Tyler Johnson.
13:29 of 1st period - Goal by Tyler Johnson - Rangers : 0 - Devils : 1.
13:30 of 1st period - Tyler Johnson wins face-off versus Sean Couturier in neutral zone.
13:52 of 1st period - Icing by Joffrey Lupul.
13:53 of 1st period - Sean Couturier wins face-off versus Vincent Trocheck in Rangers zone.
14:47 of 1st period - Icing by Trevor Daley.
14:48 of 1st period - Mikael Backlund wins face-off versus Tyler Johnson in Devils zone.
14:52 of 1st period - Craig Smith is hit by Trevor Daley and loses puck.
15:03 of 1st period - Icing by Marc-Edouard Vlasic.
15:04 of 1st period - Tyler Johnson wins face-off versus David Legwand in Devils zone.
15:04 of 1st period - Tyler Johnson is hit by Steve Downie.
15:10 of 1st period - Karl Alzner is hit by Chris Kelly and loses puck.
15:16 of 1st period - Bryan Allen is hit by Trevor Daley and loses puck.
15:19 of 1st period - Shot by Tomas Tatar.
15:19 of 1st period - Shot Misses the Net.
15:21 of 1st period - Shot by David Legwand.
15:21 of 1st period - Shot Blocked by Marc-Edouard Vlasic.
15:28 of 1st period - Icing by Marc-Edouard Vlasic.
15:29 of 1st period - Mikael Backlund wins face-off versus Tyler Johnson in Devils zone.
15:31 of 1st period - Minor Penalty to Marc-Edouard Vlasic for Goalie Interference.
15:32 of 1st period - Mikael Backlund wins face-off versus Johan Franzen in Devils zone.
15:33 of 1st period - Shot by Jaromir Jagr.
15:33 of 1st period - Shot Misses the Net.
15:44 of 1st period - Off-side.
15:45 of 1st period - Sean Couturier wins face-off versus Johan Franzen in neutral zone.
16:17 of 1st period - Shot by Alex Goligoski.
16:17 of 1st period - Shot Misses the Net.
16:19 of 1st period - Shot by Sean Couturier.
16:19 of 1st period - Shot Misses the Net.
16:21 of 1st period - Shot by Joffrey Lupul.
16:21 of 1st period - Shot Misses the Net.
17:05 of 1st period - Shot by Jaromir Jagr.
17:05 of 1st period - Goal by Jaromir Jagr - Rangers : 1 - Devils : 1.
17:06 of 1st period - Vincent Trocheck wins face-off versus David Legwand in neutral zone.
17:36 of 1st period - Shot by David Legwand.
17:36 of 1st period - Deflect By Tomas Tatar.
17:36 of 1st period - Goal by Tomas Tatar - Rangers : 2 - Devils : 1.
17:37 of 1st period - Darren Helm wins face-off versus Sean Couturier in neutral zone.
17:46 of 1st period - Sean Couturier is hit by Darren Helm and loses puck.
18:12 of 1st period - Icing by Trevor Daley.
18:13 of 1st period - Darren Helm wins face-off versus Mikael Backlund in Devils zone.
19:04 of 1st period - Trevor Daley is hit by Mikael Backlund and loses puck.
19:41 of 1st period - Icing by Chris Kelly.
19:42 of 1st period - Tyler Johnson wins face-off versus David Legwand in Devils zone.
Goals for this period are 2 for Rangers vs 1 for Devils.
Shots for this period are 16 for Rangers vs 2 for Devils.

2nd period


0:01 of 2nd period - Sean Couturier wins face-off versus Tyler Johnson in neutral zone.
0:05 of 2nd period - Minor Penalty to Marc-Edouard Vlasic for Cross-checking.
0:06 of 2nd period - Mikael Backlund wins face-off versus Johan Franzen in Devils zone.
0:39 of 2nd period - Johan Franzen is hit by Tyler Ennis.
1:22 of 2nd period - Scott Hartnell is hit by Joffrey Lupul and loses puck.
1:31 of 2nd period - Shot by Sean Couturier.
1:31 of 2nd period - Shot Misses the Net.
1:33 of 2nd period - Shot by Kris Russell.
1:33 of 2nd period - Stopped by Michal Neuvirth without a rebound.
1:34 of 2nd period - Johan Franzen wins face-off versus Mikael Backlund in Devils zone.
1:45 of 2nd period - Shot by Jaromir Jagr.
1:45 of 2nd period - Stopped by Michal Neuvirth with a rebound.
1:49 of 2nd period - Shot by Jaromir Jagr.
1:49 of 2nd period - Stopped by Michal Neuvirth without a rebound.
1:50 of 2nd period - Scott Hartnell wins face-off versus Sean Couturier in Devils zone.
1:59 of 2nd period - Shot by Tyler Johnson.
1:59 of 2nd period - The goal is going for a video replay.
1:59 of 2nd period - The goal is good.
1:59 of 2nd period - Goal by Tyler Johnson - Rangers : 2 - Devils : 2.
2:00 of 2nd period - Mikael Backlund wins face-off versus Scott Hartnell in neutral zone.
2:18 of 2nd period - Minor Penalty to Anton Volchenkov for Holding.
2:19 of 2nd period - Sean Couturier wins face-off versus Darren Helm in Rangers zone.
2:35 of 2nd period - Shot by Trevor Daley.
2:35 of 2nd period - Stopped by Brian Elliott without a rebound.
2:36 of 2nd period - Tyler Johnson wins face-off versus Sean Couturier in Rangers zone.
2:37 of 2nd period - Shot by Justin Schultz.
2:37 of 2nd period - Stopped by Brian Elliott without a rebound.
2:38 of 2nd period - Tyler Johnson wins face-off versus Sean Couturier in Rangers zone.
2:45 of 2nd period - Shot by Marc-Edouard Vlasic.
2:45 of 2nd period - Stopped by Brian Elliott without a rebound.
2:46 of 2nd period - Sean Couturier wins face-off versus Darren Helm in Rangers zone.
3:03 of 2nd period - Shot by Darren Helm.
3:03 of 2nd period - Deflect By Johan Franzen.
3:03 of 2nd period - Shot Blocked by Sean Couturier.
3:05 of 2nd period - Shot by Trevor Daley.
3:05 of 2nd period - Stopped by Brian Elliott with a rebound.
3:07 of 2nd period - Shot by Trevor Daley.
3:07 of 2nd period - Shot Hit the Post.
3:09 of 2nd period - Shot by Marc-Edouard Vlasic.
3:09 of 2nd period - Goal by Marc-Edouard Vlasic - Rangers : 2 - Devils : 3.
3:10 of 2nd period - Vincent Trocheck wins face-off versus Jaromir Jagr in neutral zone.
3:33 of 2nd period - Shot by Jaromir Jagr.
3:33 of 2nd period - Stopped by Michal Neuvirth without a rebound.
3:34 of 2nd period - Mikael Backlund wins face-off versus Darren Helm in Devils zone.
3:35 of 2nd period - Shot by Craig Smith.
3:35 of 2nd period - Stopped by Michal Neuvirth with a rebound.
3:42 of 2nd period - Minor Penalty to Alex Goligoski for Hooking.
3:43 of 2nd period - Darren Helm wins face-off versus Sean Couturier in Rangers zone.
3:52 of 2nd period - Shot by Ales Hemsky.
3:52 of 2nd period - Shot Misses the Net.
3:54 of 2nd period - Shot by Darren Helm.
3:54 of 2nd period - Shot Misses the Net.
3:56 of 2nd period - Shot by Marc-Edouard Vlasic.
3:56 of 2nd period - Shot Misses the Net.
4:16 of 2nd period - Shot by Ales Hemsky.
4:16 of 2nd period - Shot Misses the Net.
4:53 of 2nd period - Off-side.
4:54 of 2nd period - Tyler Johnson wins face-off versus Tyler Ennis in neutral zone.
5:09 of 2nd period - Shot by Justin Schultz.
5:09 of 2nd period - Stopped by Brian Elliott without a rebound.
5:10 of 2nd period - Darren Helm wins face-off versus Tyler Ennis in Rangers zone.
5:13 of 2nd period - Shot by Ales Hemsky.
5:13 of 2nd period - Stopped by Brian Elliott without a rebound.
5:14 of 2nd period - Darren Helm wins face-off versus Sean Couturier in Rangers zone.
6:37 of 2nd period - Minor Penalty to Derek Morris for Hooking.
6:38 of 2nd period - Ales Hemsky wins face-off versus Sean Couturier in Rangers zone.
6:45 of 2nd period - Shot by Ales Hemsky.
6:45 of 2nd period - Shot Misses the Net.
6:47 of 2nd period - Shot by Darren Helm.
6:47 of 2nd period - Stopped by Brian Elliott without a rebound.
6:48 of 2nd period - Darren Helm wins face-off versus Sean Couturier in Rangers zone.
6:59 of 2nd period - Shot by Darren Helm.
6:59 of 2nd period - Stopped by Brian Elliott without a rebound.
7:00 of 2nd period - Sean Couturier wins face-off versus Tyler Johnson in Rangers zone.
7:15 of 2nd period - Shot by Scott Hartnell.
7:15 of 2nd period - Stopped by Brian Elliott without a rebound.
7:16 of 2nd period - Darren Helm wins face-off versus Sean Couturier in Rangers zone.
7:43 of 2nd period - Shot by Tyler Ennis.
7:43 of 2nd period - Stopped by Michal Neuvirth without a rebound.
7:44 of 2nd period - Tyler Johnson wins face-off versus Sean Couturier in Devils zone.
7:53 of 2nd period - Shot by Scott Hartnell.
7:53 of 2nd period - Shot Misses the Net.
8:09 of 2nd period - Shot by Joffrey Lupul.
8:09 of 2nd period - Goal by Joffrey Lupul - Rangers : 3 - Devils : 3.
8:10 of 2nd period - Sean Couturier wins face-off versus Darren Helm in neutral zone.
8:42 of 2nd period - Shot by Vincent Trocheck.
8:42 of 2nd period - Stopped by Brian Elliott without a rebound.
8:43 of 2nd period - Jaromir Jagr wins face-off versus Vincent Trocheck in Rangers zone.
8:52 of 2nd period - Shot by Marc-Edouard Vlasic.
8:52 of 2nd period - Shot Misses the Net.
8:54 of 2nd period - Shot by Marc-Edouard Vlasic.
8:54 of 2nd period - Stopped by Brian Elliott with a rebound.
8:56 of 2nd period - Shot by Vincent Trocheck.
8:56 of 2nd period - Stopped by Brian Elliott with a rebound.
9:11 of 2nd period - Icing by Marc-Edouard Vlasic.
9:12 of 2nd period - Mikael Backlund wins face-off versus Steve Ott in Devils zone.
9:33 of 2nd period - Shot by Jamie McGinn.
9:33 of 2nd period - Shot Misses the Net.
9:35 of 2nd period - Shot by Vincent Trocheck.
9:35 of 2nd period - Shot Blocked by Tyler Ennis.
9:37 of 2nd period - Shot by Vincent Trocheck.
9:37 of 2nd period - Deflect By Jamie McGinn.
9:37 of 2nd period - Stopped by Brian Elliott without a rebound.
9:38 of 2nd period - Jaromir Jagr wins face-off versus Darren Helm in Rangers zone.
9:45 of 2nd period - Shot by Kris Russell.
9:45 of 2nd period - Shot Misses the Net.
9:47 of 2nd period - Shot by Jaromir Jagr.
9:47 of 2nd period - Shot Misses the Net.
9:49 of 2nd period - Shot by Alex Goligoski.
9:49 of 2nd period - Shot Misses the Net.
10:13 of 2nd period - Shot by Jaromir Jagr.
10:13 of 2nd period - Shot Misses the Net.
10:44 of 2nd period - Off-side.
10:45 of 2nd period - Vincent Trocheck wins face-off versus Mikael Backlund in neutral zone.
10:50 of 2nd period - Icing by Mikael Backlund.
10:51 of 2nd period - Tyler Johnson wins face-off versus Mikael Backlund in Rangers zone.
12:23 of 2nd period - Vincent Trocheck is hit by Joffrey Lupul and loses puck.
12:40 of 2nd period - Shot by Ales Hemsky.
12:40 of 2nd period - Stopped by Brian Elliott without a rebound.
12:41 of 2nd period - David Legwand wins face-off versus Darren Helm in Rangers zone.
12:45 of 2nd period - Off-side.
12:46 of 2nd period - Darren Helm wins face-off versus David Legwand in neutral zone.
13:59 of 2nd period - Shot by Joffrey Lupul.
13:59 of 2nd period - Shot Misses the Net.
14:01 of 2nd period - Shot by Jaromir Jagr.
14:01 of 2nd period - Shot Misses the Net.
14:03 of 2nd period - Shot by Karl Alzner.
14:03 of 2nd period - Stopped by Michal Neuvirth without a rebound.
14:04 of 2nd period - Mikael Backlund wins face-off versus Vincent Trocheck in Devils zone.
14:22 of 2nd period - Shot by Vincent Trocheck.
14:22 of 2nd period - Goal by Vincent Trocheck - Rangers : 3 - Devils : 4.
14:23 of 2nd period - Sean Couturier wins face-off versus Tyler Johnson in neutral zone.
14:54 of 2nd period - Icing by Bryan Allen.
14:55 of 2nd period - Darren Helm wins face-off versus Sean Couturier in Rangers zone.
15:06 of 2nd period - Shot by Scott Hartnell.
15:06 of 2nd period - Shot Misses the Net.
15:18 of 2nd period - Shot by Sean Couturier.
15:18 of 2nd period - Shot Misses the Net.
15:33 of 2nd period - Icing by Trevor Daley.
15:34 of 2nd period - David Legwand wins face-off versus Ales Hemsky in Devils zone.
15:48 of 2nd period - Off-side.
15:49 of 2nd period - Mikael Backlund wins face-off versus Johan Franzen in neutral zone.
16:05 of 2nd period - Johan Franzen is hit by Tyler Ennis and loses puck.
16:18 of 2nd period - Justin Schultz is hit by Tyler Ennis and loses puck.
16:29 of 2nd period - Shot by Tyler Johnson.
16:29 of 2nd period - Shot Blocked by Chris Tanev.
16:52 of 2nd period - Craig Smith is hit by Steve Ott and loses puck.
17:53 of 2nd period - Shot by Ales Hemsky.
17:53 of 2nd period - Stopped by Brian Elliott without a rebound.
17:54 of 2nd period - Tommy Wingels wins face-off versus David Legwand in Rangers zone.
17:54 of 2nd period - Tommy Wingels is hit by Bryan Allen.
17:58 of 2nd period - Shot by Ales Hemsky.
17:58 of 2nd period - Stopped by Brian Elliott without a rebound.
17:59 of 2nd period - Tyler Johnson wins face-off versus David Legwand in Rangers zone.
18:10 of 2nd period - Shot by Johan Franzen.
18:10 of 2nd period - Shot Misses the Net.
18:12 of 2nd period - Shot by Marc-Edouard Vlasic.
18:12 of 2nd period - Stopped by Brian Elliott without a rebound.
18:13 of 2nd period - Darren Helm wins face-off versus David Legwand in Rangers zone.
18:50 of 2nd period - Shot by Justin Schultz.
18:50 of 2nd period - Stopped by Brian Elliott without a rebound.
18:51 of 2nd period - Tyler Johnson wins face-off versus Sean Couturier in Rangers zone.
19:02 of 2nd period - Shot by Tyler Johnson.
19:02 of 2nd period - Stopped by Brian Elliott without a rebound.
19:03 of 2nd period - Mikael Backlund wins face-off versus Vincent Trocheck in Rangers zone.
19:14 of 2nd period - Shot by Vincent Trocheck.
19:14 of 2nd period - Stopped by Brian Elliott without a rebound.
19:15 of 2nd period - Sean Couturier wins face-off versus Darren Helm in Rangers zone.
19:59 of 2nd period - Icing by Trevor Daley.
Goals for this period are 1 for Rangers vs 3 for Devils.
Shots for this period are 8 for Rangers vs 23 for Devils.

3rd period


0:01 of 3rd period - Sean Couturier wins face-off versus Darren Helm in neutral zone.
0:03 of 3rd period - Off-side.
0:04 of 3rd period - Sean Couturier wins face-off versus Darren Helm in neutral zone.
0:24 of 3rd period - Off-side.
0:25 of 3rd period - Tyler Johnson wins face-off versus Mikael Backlund in neutral zone.
0:43 of 3rd period - Shot by Tyler Johnson.
0:43 of 3rd period - Shot Misses the Net.
0:51 of 3rd period - Shot by Johan Franzen.
0:51 of 3rd period - Stopped by Brian Elliott without a rebound.
0:52 of 3rd period - Sean Couturier wins face-off versus Darren Helm in Rangers zone.
1:03 of 3rd period - Darren Helm is hit by Sean Couturier.
1:18 of 3rd period - Icing by Trevor Daley.
1:19 of 3rd period - Mikael Backlund wins face-off versus Darren Helm in Devils zone.
1:30 of 3rd period - Shot by Mikael Backlund.
1:30 of 3rd period - Stopped by Michal Neuvirth without a rebound.
1:31 of 3rd period - Sean Couturier wins face-off versus Tyler Johnson in Devils zone.
2:00 of 3rd period - Shot by Joffrey Lupul.
2:00 of 3rd period - Stopped by Michal Neuvirth with a rebound.
2:08 of 3rd period - Shot by Johan Franzen.
2:08 of 3rd period - Stopped by Brian Elliott without a rebound.
2:09 of 3rd period - Mikael Backlund wins face-off versus Darren Helm in Rangers zone.
2:09 of 3rd period - Minor Penalty to Scott Hartnell for Holding.
2:10 of 3rd period - Mikael Backlund wins face-off versus Johan Franzen in Devils zone.
2:28 of 3rd period - Shot by Jaromir Jagr.
2:28 of 3rd period - Stopped by Michal Neuvirth without a rebound.
2:29 of 3rd period - Johan Franzen wins face-off versus Sean Couturier in Devils zone.
5:18 of 3rd period - Vincent Trocheck is hit by Anton Volchenkov and loses puck.
5:35 of 3rd period - Shot by Jamie McGinn.
5:35 of 3rd period - Stopped by Brian Elliott without a rebound.
5:36 of 3rd period - Sean Couturier wins face-off versus Tyler Johnson in Rangers zone.
5:45 of 3rd period - Shot by Joffrey Lupul.
5:45 of 3rd period - Stopped by Michal Neuvirth without a rebound.
5:46 of 3rd period - Tyler Johnson wins face-off versus Joffrey Lupul in Devils zone.
7:02 of 3rd period - Shot by Mikael Backlund.
7:02 of 3rd period - Shot Blocked by Marc-Edouard Vlasic.
7:02 of 3rd period - Marc-Edouard Vlasic from Devils is injured at 7:02 of 3rd period (Sprained Right Finger).
7:03 of 3rd period - Darren Helm wins face-off versus Mikael Backlund in Devils zone.
9:21 of 3rd period - Nick Schultz is hit by Sean Couturier and loses puck.
9:29 of 3rd period - Icing by Nick Schultz.
9:30 of 3rd period - Tyler Johnson wins face-off versus Mikael Backlund in Devils zone.
9:30 of 3rd period - Patrick Wiercioch is hit by Craig Smith and loses puck.
9:46 of 3rd period - Patrick Wiercioch is hit by Tyler Ennis and loses puck.
9:51 of 3rd period - Shot by Tyler Ennis.
9:51 of 3rd period - Goal by Tyler Ennis - Rangers : 4 - Devils : 4.
9:52 of 3rd period - Darren Helm wins face-off versus Steve Downie in neutral zone.
10:25 of 3rd period - Shot by Trevor Daley.
10:25 of 3rd period - Stopped by Brian Elliott without a rebound.
10:26 of 3rd period - Sean Couturier wins face-off versus Vincent Trocheck in Rangers zone.
11:03 of 3rd period - Shot by Vincent Trocheck.
11:03 of 3rd period - Shot Blocked by Kris Russell.
11:11 of 3rd period - Shot by Vincent Trocheck.
11:11 of 3rd period - Shot Misses the Net.
11:34 of 3rd period - Matt Donovan is hit by Anton Volchenkov and loses puck.
11:49 of 3rd period - Shot by Ales Hemsky.
11:49 of 3rd period - Shot Misses the Net.
11:51 of 3rd period - Shot by Matt Donovan.
11:51 of 3rd period - Stopped by Brian Elliott without a rebound.
11:52 of 3rd period - Chris Kelly wins face-off versus David Legwand in Rangers zone.
12:07 of 3rd period - Shot by Tyler Johnson.
12:07 of 3rd period - Shot Misses the Net.
12:17 of 3rd period - Shot by Tyler Johnson.
12:17 of 3rd period - Stopped by Brian Elliott without a rebound.
12:18 of 3rd period - Vincent Trocheck wins face-off versus Mikael Backlund in Rangers zone.
12:47 of 3rd period - Vincent Trocheck is hit by Anton Volchenkov.
12:48 of 3rd period - Minor Penalty to Steve Ott for Slashing.
12:49 of 3rd period - Sean Couturier wins face-off versus Johan Franzen in Devils zone.
12:58 of 3rd period - Shot by Joffrey Lupul.
12:58 of 3rd period - Shot Blocked by Michal Rozsival.
13:00 of 3rd period - Shot by Alex Goligoski.
13:00 of 3rd period - Shot Blocked by Michal Rozsival.
13:22 of 3rd period - Icing by Derek Morris.
13:23 of 3rd period - Sean Couturier wins face-off versus Johan Franzen in Rangers zone.
13:36 of 3rd period - Shot by Craig Smith.
13:36 of 3rd period - Shot Misses the Net.
13:38 of 3rd period - Shot by Sean Couturier.
13:38 of 3rd period - Stopped by Michal Neuvirth without a rebound.
13:39 of 3rd period - Tyler Johnson wins face-off versus Jaromir Jagr in Devils zone.
13:39 of 3rd period - Tyler Johnson is hit by Mikael Backlund.
14:01 of 3rd period - Shot by Tyler Ennis.
14:01 of 3rd period - Shot Misses the Net.
14:32 of 3rd period - Minor Penalty to Joffrey Lupul for Interference.
14:33 of 3rd period - David Legwand wins face-off versus Vincent Trocheck in Rangers zone.
15:03 of 3rd period - Shot by Trevor Daley.
15:03 of 3rd period - Stopped by Brian Elliott without a rebound.
15:04 of 3rd period - Darren Helm wins face-off versus Sean Couturier in Rangers zone.
15:17 of 3rd period - Shot by Justin Schultz.
15:17 of 3rd period - Goal by Justin Schultz - Rangers : 4 - Devils : 5.
15:18 of 3rd period - Jaromir Jagr wins face-off versus Vincent Trocheck in neutral zone.
15:18 of 3rd period - Jaromir Jagr is hit by Steve Ott.
15:21 of 3rd period - Karl Alzner is hit by Nick Schultz and loses puck.
15:30 of 3rd period - Shot by Jaromir Jagr.
15:30 of 3rd period - Shot Misses the Net.
15:41 of 3rd period - Bryan Allen is hit by Steve Ott and loses puck.
16:33 of 3rd period - Shot by Ales Hemsky.
16:33 of 3rd period - Stopped by Brian Elliott without a rebound.
16:34 of 3rd period - Tyler Johnson wins face-off versus Mikael Backlund in Rangers zone.
16:37 of 3rd period - Shot by Johan Franzen.
16:37 of 3rd period - Stopped by Brian Elliott with a rebound.
16:39 of 3rd period - Shot by Justin Schultz.
16:39 of 3rd period - Stopped by Brian Elliott with a rebound.
16:41 of 3rd period - Shot by Chris Kelly.
16:41 of 3rd period - Stopped by Brian Elliott without a rebound.
16:42 of 3rd period - Darren Helm wins face-off versus Craig Smith in Rangers zone.
17:22 of 3rd period - Shot by Ales Hemsky.
17:22 of 3rd period - Deflect By Darren Helm.
17:22 of 3rd period - Stopped by Brian Elliott without a rebound.
17:23 of 3rd period - Sean Couturier wins face-off versus Tyler Johnson in Rangers zone.
17:23 of 3rd period - Sean Couturier is hit by Chris Kelly.
17:35 of 3rd period - Willie Mitchell is hit by Joffrey Lupul and loses puck.
17:51 of 3rd period - Off-side.
17:52 of 3rd period - Vincent Trocheck wins face-off versus David Legwand in neutral zone.
18:12 of 3rd period - Vincent Trocheck is hit by Bryan Allen.
18:22 of 3rd period - Vincent Trocheck is hit by Steve Downie.
19:03 of 3rd period - Vincent Trocheck is hit by Joffrey Lupul and loses puck.
19:24 of 3rd period - Rangers, Brian Elliott is pulled from the net.
19:31 of 3rd period - Minor Penalty to Sean Couturier for Tripping.
19:32 of 3rd period - Brian Elliott from Rangers was sent back in the game.
19:32 of 3rd period - Darren Helm wins face-off versus David Legwand in Rangers zone.
19:35 of 3rd period - Shot by Matt Donovan.
19:35 of 3rd period - Stopped by Brian Elliott without a rebound.
19:36 of 3rd period - Darren Helm wins face-off versus Joffrey Lupul in Rangers zone.
19:45 of 3rd period - Shot by Matt Donovan.
19:45 of 3rd period - Stopped by Brian Elliott with a rebound.
19:47 of 3rd period - Shot by Darren Helm.
19:47 of 3rd period - Shot Misses the Net.
19:51 of 3rd period - Shot by Darren Helm.
19:51 of 3rd period - Goal by Darren Helm - Rangers : 4 - Devils : 6.
19:52 of 3rd period - Mikael Backlund wins face-off versus Tyler Johnson in neutral zone.
Goals for this period are 1 for Rangers vs 2 for Devils.
Shots for this period are 6 for Rangers vs 16 for Devils.


Output by the SimonT Hockey Simulator (STHS) for Stephane Roy -- Original Page W3C XHTML 1.0 Valid
Hockey Simulator - Hockey Simulation - Hockey Manager